 Dungeon Crawl Stone Soup version 0.26.0-45-g9c1d065592 (webtiles) character file.

Game seed: 17697771623807140162

76 Qrupt the Gusty (level 4, -1/36 HPs)
             Began as a Draconian Air Elementalist on Jan 30, 2021.
             Slain by a centaur (5 damage)
             ... on level 3 of the Dungeon.
             The game lasted 00:04:58 (2577 turns).

Qrupt the Gusty (Draconian Air Elementalist)        Turns: 2577, Time: 00:04:58

Health: -1/36      AC:  6    Str: 10    XL:     4   Next: 12%
Magic:  16/16      EV: 12    Int: 16    God:
Gold:   130        SH:  0    Dex: 12    Spells: 7/8 levels left

rFire    . . .     SeeInvis .   k - +2 short sword (freeze)
rCold    . . .     Faith    .   (no shield)
rNeg     . . .     Spirit   .   (armour unavailable)
rPois    .         Reflect  .   (helmet restricted)
rElec    .         Harm     .   (no cloak)
rCorr    .         Rampage  .   (no gloves)
Will     .....                  b - +0 pair of boots
Stlth    +++.......             (no amulet)
HPRegen  0.12/turn              e - ring of stealth
MPRegen  0.15/turn              g - ring of magical power

@: no status effects
A: unfitting armour, cold-blooded, AC +5
a: no special abilities


You were on level 3 of the Dungeon.
You visited 1 branch of the dungeon, and saw 3 of its levels.

You collected 130 gold pieces.

Inventory:

Hand Weapons
 k - a +2 short sword of freezing (weapon)
Armour
 b - a +0 pair of boots (worn)
Jewellery
 d - an uncursed ring of see invisible {unknown}
 e - a ring of stealth (left hand)
 g - a ring of magical power (right hand)
 h - an uncursed amulet of inaccuracy
Scrolls
 a - 3 scrolls of fog
 c - a scroll of identify
 i - a scroll of magic mapping
Potions
 f - 2 potions of heal wounds {unknown}
 j - a potion of haste {unknown}
 l - a potion of curing {unknown}


   Skills:
 + Level 1.8 Fighting
 - Level 1.7 Dodging
 - Level 1.7 Stealth
 + Level 2.6 Spellcasting
 + Level 2.1 Conjurations
 + Level 3.6 Air Magic


You had 7 spell levels left.
You knew the following spells:

 Your Spells              Type           Power        Failure   Level
a - Shock                 Conj/Air       44%          6%          1

Your spell library contained the following spells:

 Spells                   Type           Power        Failure   Level
 Swiftness                Air            13%          7%          2
 Static Discharge         Conj/Air       11%          19%         3
 Airstrike                Air            6%           41%         4
 Lightning Bolt           Conj/Air       5%           86%         5


Dungeon Overview and Level Annotations

Branches:
Dungeon (3/15)

Altars:


Innate Abilities, Weirdness & Mutations

Your plain brown scales are hard. (AC +5)
You cannot fit into any form of body armour.
You are cold-blooded and may be slowed by cold attacks.


Message History

The bat closely misses you.
Casting: Shock (safe; 6% risk of failure)
Confirm with . or Enter, or press ? or * to list all spells.
Aiming: Shock (safe; 6% risk of failure)
Press: ? - help, Shift-Dir - straight line That beam is likely to hit you.
Continue anyway? [Y]es or [N]o only, please.
That beam is likely to hit you.
Continue anyway? [Y]es or [N]o only, please.
That beam is likely to hit you.
Continue anyway?
Okay, then.
You hit the bat. You freeze the bat.
The bat is severely wounded.
The bat hits you but does no damage.
A worm comes into view.
The bat misses you.
The centaur shoots an arrow.
The arrow hits you!
* * * LOW HITPOINT WARNING * * *
The centaur unwields a +0 shortbow.
The centaur barely misses you. The bat hits you but does no damage.
The centaur hits you.
You die...

..# ..# ....... .......
..# ....... ....... ..#
....... ...w... ###
....... .......
.....#.......
#......<....
#....c...... ######.@#
.c... .......b#......
##############...#......
.#..............(..r....
.#.##########..(......##
......# #..(..##.##
.#.##.# #(....## #
.#.##.########.....#
.#.##........((..#>#


You could see a centaur, a worm (wandering) and a bat.

Vanquished Creatures
  A gnoll (D:1)
  An adder (D:2)
  3 worms
  2 dart slugs
  A leopard gecko (D:2)
  An orc (D:3)
  4 bats
  6 giant cockroaches
  3 goblins (D:1)
  5 hobgoblins
  2 jackals (D:1)
  A quokka (D:3)
  2 frilled lizards (D:2)
  5 kobolds
  4 rats (D:1)
41 creatures vanquished.

Vanquished Creatures (others)
  A plant (D:1)
1 creature vanquished.

Grand Total: 42 creatures vanquished

Notes
Turn   | Place    | Note
-------+----------+-------------------------------------------
     0 | D:1      | Qrupt the Draconian Air Elementalist began the quest for
                  | the Orb.
     0 | D:1      | Reached XP level 1. HP: 14/14 MP: 3/3
   160 | D:1      | Reached XP level 2. HP: 22/22 MP: 3/5
   378 | D:1      | Reached skill level 1 in Fighting
   610 | D:1      | Reached XP level 3. HP: 28/28 MP: 6/6
  1039 | D:2      | Found a faded altar of an unknown god.
  2163 | D:3      | Reached XP level 4. HP: 25/36 MP: 5/7
  2569 | D:3      | Noticed a centaur
  2577 | D:3      | Slain by a centaur

Illustrated notes

Levels and vault maps discovered:
D:1:      denvon_arrival_planthouse, layout_basic
D:2:      layout_loops_corners, chequers_ecumenical_altar_simple_redux
D:3:      layout_basic

Skill      XL: |  1  2  3 |
---------------+----------+-----
Fighting       | 1 |  1.8
Conjurations   | 2 |  2.1
Dodging        | |  1.7
Stealth        | |  1.7
Spellcasting   | |  2.6
Air Magic      | |  3.6

Action                   |  1- 3 |  4- 6 || total
-------------------------+-------+-------++-------
Melee: Unarmed           |    10 |       ||    10
       Tailslap          |     7 |     2 ||     9
       Mace              |    69 |       ||    69
       Short sword       |    31 |    19 ||    50
 Cast: Shock             |    43 |     5 ||    48
  Use: Scroll            |     4 |       ||     4
 Stab: Sleeping          |     2 |     1 ||     3
Armor: Skin              |    46 |    11 ||    57
Dodge: Dodged            |    95 |    15 ||   110
